 Dungeon Crawl Stone Soup version 0.27.0-1-g7a089689b8 (webtiles) character file.

Game seed: 17140813161323579930

72 mandarbmax the Shield-Bearer (level 4, -1/35 HPs)
             Began as a Formicid Fighter on Aug 1, 2021.
             Was an Initiate of Nemelex Xobeh.
             Killed by divine providence
             ... invoked by an orc priest
              (15 damage)
             ... on level 3 of the Dungeon.
             The game lasted 00:03:41 (1896 turns).

mandarbmax the Shield-Bearer (Formicid Fighter)     Turns: 1896, Time: 00:03:42

Health: -1/35      AC:  9    Str: 20 (22) XL:     4   Next: 48%
Magic:  4/4        EV:  8    Int:  7      God:    Nemelex Xobeh [......]
Gold:   152        SH:  9    Dex:  7 (10) Spells: 3/3 levels left

rFire    + . .     SeeInvis +   a - +0 quarterstaff
rCold    + . .     Faith    .   c - +0 kite shield
rNeg     . . .     Spirit   .   b - +0 scale mail
rPois    .         Reflect  .   (helmet unavailable)
rElec    .         Harm     .   f - scarf {rC+ rF+}
rCorr    .         Rampage  .   m - +0 pair of gloves
Will     .....                  i - +0 pair of boots
Stlth    ..........             (no amulet)
HPRegen  0.11/turn              (no ring)
MPRegen  0.09/turn              (no ring)

@: no status effects
A: permanent stasis, dig shafts and tunnels, antennae 3, four strong arms
a: Dig, Shaft Self, Renounce Religion, Draw Escape, Draw Destruction, Draw
Summoning


You were on level 3 of the Dungeon.
You worshipped Nemelex Xobeh.
Nemelex Xobeh was noncommittal.
You visited 1 branch of the dungeon, and saw 3 of its levels.

You collected 152 gold pieces.

Inventory:

Hand Weapons
 a - a +0 quarterstaff (weapon)
Missiles
 e - 5 boomerangs (quivered)
Armour
 b - a +0 scale mail (worn)
 c - a +0 kite shield (worn)
 f - a scarf of resistance (worn)
 i - a +0 pair of boots (worn)
 m - a +0 pair of gloves (worn)
Scrolls
 g - 2 scrolls of identify {unknown}
 h - a scroll of blinking {unknown}
 j - 2 scrolls of fear {unknown}
 l - a scroll of brand weapon {unknown}
 n - a scroll of summoning {unknown}
 o - a scroll of amnesia {unknown}
Potions
 d - 2 potions of might
 k - a potion of degeneration
 p - a potion of magic {unknown}


   Skills:
 - Level 3.2 Fighting
 * Level 3.7 Staves
 - Level 3.2 Armour
 + Level 4.4 Shields
 * Level 0.3 Invocations


You had 3 spell levels left.
You didn't know any spells.
Your spell library was empty.

Dungeon Overview and Level Annotations

Branches:
Dungeon (3/15)

Altars:
Kikubaaqudgha
Nemelex Xobeh
Sif Muna


Innate Abilities, Weirdness & Mutations

You cannot be hasted, slowed, berserked, paralysed or teleported.
You can dig through walls and to a lower floor.
You have a pair of large antennae on your head. (SInv)
Your four strong arms can wield two-handed weapons with a shield.


Message History

No target in view!
You see here a ball python corpse.
Found a stone staircase leading up.
An orc comes into view. It is wielding a +0 hand axe.
The orc shouts!
An orc comes into view. It is wielding a +0 flail.
A quokka comes into view.
A goblin comes into view. It is wielding a +0 dagger.
An orc wizard comes into view. It is wielding a +0 dagger.
An orc priest comes into view. It is wielding a +0 falchion.
Found 11 gold pieces.
The orc wizard shouts!
The orc priest shouts!
You block the orc's attack.
You hit the orc but do no damage. You block the orc's attack.
The orc priest calls down the wrath of Beogh upon you.
Beogh smites you!
You hit the orc.
The orc is moderately wounded.
You block the orc's attack. The orc hits you with a +0 flail.
You block the goblin's attack.
You thump the orc!
You kill the orc!
You block the orc's attack. The goblin hits you with a +0 dagger.
The orc wizard hits you but does no damage.
The orc hits you but does no damage.
The orc priest looks encouraged for a moment.
You hit the orc priest.
The orc priest is lightly wounded.
The goblin hits you but does no damage. You block the orc wizard's attack.
The quokka bites you but does no damage.
The orc priest completely misses you. The orc hits you but does no damage.
You closely miss the orc priest.
The orc priest is lightly wounded.
You block the goblin's attack.
The quokka bites you but does no damage.
The orc wizard closely misses you. The orc hits you with a +0 flail.
The orc priest mumbles some strange prayers to Beogh against you.
Beogh smites you!
You die...
Your body disappears without a glow.

#..........
+.........
#..$..... #
....... . ..
#.....# ..
...##.....##...
......oog......
#. #.)@o.# #..
#...r.#
#...##.....#
.#..........#
.....###....#
.....<..#####
............#
..#.........#
##........#


You could see an orc priest, an orc wizard, an orc, a quokka and a goblin.

Vanquished Creatures
  An adder (D:2)
  A dart slug (D:2)
  2 orcs (D:3)
  6 ball pythons
  5 endoplasms
  A giant cockroach (D:2)
  8 goblins
  5 hobgoblins
  4 jackals
  3 kobolds
  A quokka (D:2)
  6 bats
  7 frilled lizards
  2 rats
52 creatures vanquished.

Notes
Turn   | Place    | Note
-------+----------+-------------------------------------------
     0 | D:1      | mandarbmax the Formicid Fighter began the quest for the
                  | Orb.
     0 | D:1      | Reached XP level 1. HP: 18/18 MP: 1/1
   138 | D:1      | Reached XP level 2. HP: 23/24 MP: 2/2
   300 | D:1      | Reached skill level 4 in Shields
   491 | D:1      | Reached XP level 3. HP: 29/29 MP: 3/3
   688 | D:2      | Found a shimmering blue altar of Sif Muna.
  1062 | D:2      | Reached XP level 4. HP: 35/35 MP: 4/4
  1628 | D:3      | Found an ancient bone altar of Kikubaaqudgha.
  1744 | D:3      | Found a sparkling altar of Nemelex Xobeh.
  1768 | D:3      | Became a worshipper of Nemelex Xobeh the Trickster
  1896 | D:3      | Killed from afar by an orc priest

Illustrated notes

Levels and vault maps discovered:
D:1:      dpeg_arrival_morbid_curiosity, layout_basic
D:2:      layout_basic, basic_altar
D:3:      layout_basic, mainiacjoe_overflow_brackets, amcnicky_altar_gilded,
          mainiacjoe_overflow_tiny_flanked

Skill      XL: |  1  2  3 |
---------------+----------+-----
Shields        | 4 |  4.4
Staves         | 3 |  3.7
Fighting       | |  3.2
Armour         | |  3.2
Invocations    | |  0.3

Action                   |  1- 3 |  4- 6 || total
-------------------------+-------+-------++-------
Melee: Quarterstaff      |    97 |    72 ||   169
  Use: Potion            |     3 |       ||     3
Armor: Scale mail        |    42 |    40 ||    82
Dodge: Dodged            |    38 |    24 ||    62
Block: Kite shield       |    44 |    49 ||    93
